 Dungeon Crawl Stone Soup version 0.22.0-25-g7663229ff0 (webtiles) character file.

47 DildoBatman the Magician (level 3, -2/24 HPs)
             Began as a Formicid Wizard on Aug 21, 2018.
             Slain by a worm (6 damage)
             ... on level 2 of the Dungeon.
             The game lasted 00:05:01 (1423 turns).

DildoBatman the Magician (Formicid Wizard)          Turns: 1423, Time: 00:05:01

Health: -2/24      AC:  2    Str: 11    XL:     3   Next: 97%
Magic:  4/7        EV: 12    Int: 18    God:
Gold:   27         SH:  4    Dex:  9    Spells: 2/8 levels left

rFire    . . .     SeeInvis +   a - +0 rapier
rCold    . . .     Gourm    .   j - +0 buckler
rNeg     . . .     Faith    .   n - +0 robe
rPois    .         Spirit   .   (helmet unavailable)
rElec    .         Reflect  .   (no cloak)
rCorr    .         Harm     .   (no gloves)
MR       .....                  (no boots)
Stlth    +++.......             (no amulet)
HPRegen  0.08/turn              g - ring of stealth
MPRegen  0.10/turn              (no ring)

@: no status effects
A: permanent stasis, dig shafts and tunnels, four strong arms, antennae 3
a: Dig, Shaft Self


You were on level 2 of the Dungeon.
You were not hungry.

You visited 1 branch of the dungeon, and saw 2 of its levels.

You collected 27 gold pieces.

Inventory:

Hand Weapons
 a - a +0 rapier (weapon)
Missiles
 h - 52 stones (quivered)
 i - 8 poisoned needles
 l - 8 needles of sleeping
Armour
 j - a +0 buckler (worn)
 n - a +0 robe (worn)
Jewellery
 g - a ring of stealth (left hand)
Scrolls
 f - a scroll of identify {unknown}
Potions
 b - a potion of cancellation {unknown}
 c - a potion of flight {unknown}
 d - a potion of resistance {unknown}
 e - 2 potions of magic {unknown}
 m - a potion of curing {unknown}
 o - a potion of heal wounds {unknown}
Comestibles
 k - 3 chunks of flesh
 v - 3 rations


   Skills:
 * Level 0.0 Fighting
 * Level 0.0 Short Blades
 - Level 1.7 Dodging
 - Level 2.4 Stealth
 * Level 2.7 Shields
 - Level 3.2 Spellcasting
 * Level 2.1 Conjurations
   Level 1.0 Summonings
   Level 0.8 Translocations


You had 2 spell levels left.
You knew the following spells:

 Your Spells              Type           Power        Failure   Level  Hunger
a - Slow                  Hex            #.......     24%         2    ##.....
c - Magic Dart            Conj           ##..         7%          1    None
e - Mephitic Cloud        Conj/Pois/Air  #.......     34%         3    ###....

Your spell library contained the following spells:

 Spells                   Type           Power        Failure   Level  Hunger
 Call Imp                 Summ           #.......     16%         2    ##.....
 Conjure Flame            Conj/Fire      #.......     30%         3    ###....
 Blink                    Tloc           Unusable     N/A         2    N/A

Dungeon Overview and Level Annotations

Branches:
Dungeon (2/15)

Altars:


Innate Abilities, Weirdness & Mutations

You cannot be hasted, slowed, berserked, paralysed or teleported.
You can dig through walls and to a lower floor.
Your four strong arms can wield two-handed weapons with a shield.
You have a pair of large antennae on your head. (SInv)


Message History

The worm seems less confused.
You hit the worm.
The worm is heavily wounded.
A kobold comes into view.
The worm bites you!
The kobold throws a stone.
The stone closely misses you.
You hit the worm but do no damage.
The worm is moderately wounded.
The worm misses you. The kobold misses you.
You closely miss the kobold. The kobold misses you.
You closely miss the kobold. You block the kobold's attack.
The worm closely misses you.
You completely miss the kobold. You block the kobold's attack.
The worm bites you.
You die...

♣♣♣♣♣♣ ♣♣♣....♣♣
♣♣♣..♣♣♣..♣♣♣♣♣♣♣.
♣♣♣.w♣♣♣
♣..........
♣♣..♣♣♣ ♣♣...♣♣♣♣♣
♣♣.♣♣♣ ♣♣♣♣)..♣
♣(♣♣ ♣♣.....♣♣ ♣.♣
♣♣w♣♣♣♣....♣ { †..
♣@♣♣ ♣♣♣♣... ..♣♣♣
♣K♣♣ ... ?.. ♣..♣♣
♣. ..[♣ ♣♣♣.♣ ♣♣♣♣
♣♣.♣♣♣ ♣....♣♣
♣...♣♣..♣ ♣.♣♣
♣.♣♣ ..♣ ♣♣.♣♣


You could see a worm and a kobold.

Vanquished Creatures
  An adder (D:2)
  A dart slug (D:1)
  3 giant cockroaches
  2 goblins (D:1)
  6 hobgoblins
  7 jackals (D:1)
  A ball python (D:2)
  4 bats (D:1)
  2 frilled lizards (D:1)
  2 kobolds (D:1)
  3 rats
32 creatures vanquished.

Notes
Turn   | Place    | Note
-------+----------+-------------------------------------------
     0 | D:1      | DildoBatman the Formicid Wizard began the quest for the Orb.
     0 | D:1      | Reached XP level 1. HP: 13/13 MP: 4/4
    24 | D:1      | Reached skill level 1 in Conjurations
   173 | D:1      | Reached XP level 2. HP: 8/19 MP: 0/6
   620 | D:1      | Reached skill level 1 in Shields
   647 | D:1      | Reached XP level 3. HP: 3/24 MP: 0/7
   651 | D:1      | Learned a level 2 spell: Slow
   655 | D:1      | Learned a level 3 spell: Mephitic Cloud
  1423 | D:2      | Slain by a worm

Skill      XL: |  1  2  3 |
---------------+----------+-----
Conjurations   | 1 2 |  2.1
Shields        | 1 2 |  2.7
Dodging        | |  1.7
Stealth        | |  2.4
Spellcasting   | |  3.2
Summonings     | |  1.0
Translocations | |  0.8

Action                   || total
-------------------------++-------
Melee: Unarmed           ||    32
       Dagger            ||    41
       Rapier            ||    16
 Cast: Magic Dart        ||    84
       Mephitic Cloud    ||     1
 Abil: Dig               ||     1
 Stab: Confused          ||     1
  Eat: Chunk             ||     2
Armor: Robe              ||    28
Dodge: Dodged            ||    90
Block: Buckler           ||    12
